CALGARY Flames vs VEGAS Golden Knights

Created - 22 novembre 2018 at 19:35

Goals
1 2 3 T
CALGARY Flames 1 0 1 2
VEGAS Golden Knights 0 1 0 1
Shots
1 2 3 T
CALGARY Flames 12 11 7 30
VEGAS Golden Knights 17 11 13 41

1st period

1. CALGARY Flames , Boone Jenner 3 (Brendan Perlini 2, Cal Clutterbuck 4) at 6:21

Penalties :
Brenden Dillon (VGK) for Kneeing (Minor) at 1:07, Brenden Dillon (VGK) for Slashing (Minor) at 10:13

2nd period

2. VEGAS Golden Knights , Nick Bjugstad 5 (Marc Methot 9, Calle Jarnkrok 13) at 8:04

Penalties :
Brendan Smith (VGK) for Roughing (Minor) at 5:17, Cal Clutterbuck (CGY) for Slashing (Minor) at 9:55

3rd period

3. CALGARY Flames , Shea Weber 7 (Ryan Suter 19, Charlie Coyle 10) at 7:16 (PP)

Penalties :
Cody Eakin (VGK) for Slashing (Minor) at 6:08, Eric Gryba (CGY) for Tripping (Minor) at 12:57

Goalie Stats

Jacob Markstrom (CGY), 40 saves from 41 shots - (0,976), W, 4-2-0, 60:00 minutes
Chad Johnson (VGK), 28 saves from 30 shots - (0,933), L, 2-4-1, 59:02 minutes

Players Stats for CALGARY Flames

Player Name              G  A  P  +/- PIM S  H  SB GA TA FO     MP     PP MP  PK MP  
------------------------------------------------------------------------------------
Alex Galchenyuk          0  0  0  -1  0   1  0  0  0  0  9/19   17:45   3:01   0:00 
Boone Jenner             1  0  1   1  0   2  2  0  0  0  9/19   14:48   3:01   2:05 
Brendan Perlini          0  1  1   1  0   1  1  0  0  0  1/1     9:48   0:00   0:07 
Cal Clutterbuck          0  1  1   1  2   0  1  0  0  0  1/1    10:37   0:00   0:57 
Charlie Coyle            0  1  1  -1  0   2  1  0  0  0  1/2    19:43   3:01   1:58 
Charlie McAvoy           0  0  0   0  0   2  1  1  0  0  0/0    21:25   3:23   1:56 
Dominic Moore            0  0  0   0  0   1  0  0  0  0  5/7     8:48   0:00   1:53 
Eric Gryba               0  0  0   0  2   0  0  0  0  0  0/0    16:04   0:00   0:00 
Jake DeBrusk             0  0  0   0  0   1  1  1  0  0  1/1    21:40   4:04   0:00 
Jason Chimera            0  0  0   0  0   0  1  0  0  0  0/0     6:55   0:00   0:00 
Jeff Carter              0  0  0   0  0   8  1  2  0  0  24/36  22:37   4:04   0:56 
Kyle Clifford            0  0  0   0  0   1  0  0  0  0  0/0     6:55   0:00   0:00 
Michal Kempny            0  0  0   0  0   0  0  0  0  0  0/0    12:34   0:00   0:00 
Nick Ritchie             0  0  0  -1  0   1  1  0  0  0  1/2    14:44   0:00   0:00 
Ryan Suter               0  1  1   0  0   2  1  1  0  0  0/0    26:01   3:42   2:02 
Shea Weber               1  0  1   0  0   4  2  5  0  0  0/0    26:01   3:42   2:02 
Travis Hamonic           0  0  0   0  0   0  2  3  0  0  0/0    17:54   3:23   1:56 
Wayne Simmonds           0  0  0   0  0   4  1  1  0  0  0/1    21:41   4:04   0:00 

Players Stats for VEGAS Golden Knights

Player Name              G  A  P  +/- PIM S  H  SB GA TA FO     MP     PP MP  PK MP  
------------------------------------------------------------------------------------
Antoine Roussel          0  0  0   0  0   2  0  0  0  0  7/17   12:33   0:00   0:00 
Benoit Pouliot           0  0  0  -1  0   2  0  0  0  0  1/4    13:46   0:00   0:00 
Brendan Smith            0  0  0  -1  2   1  0  1  0  0  0/0    19:16   1:51   3:00 
Brenden Dillon           0  0  0  -1  4   3  4  0  0  0  0/0    18:07   1:51   1:52 
Calle Jarnkrok           0  1  1   1  0   8  0  0  0  0  19/44  23:48   2:12   3:39 
Cody Eakin               0  0  0  -1  2   2  1  0  0  0  6/12   13:45   0:00   0:00 
Connor Carrick           0  0  0   0  0   0  0  0  0  0  0/0    14:22   0:00   0:28 
Joel Ward                0  0  0   0  0   1  0  0  0  0  0/0    12:33   0:00   0:00 
Justin Braun             0  0  0   1  0   1  1  2  0  0  0/0    25:46   2:07   3:02 
Marc Methot              0  1  1   1  0   4  2  0  0  0  0/0    25:27   2:07   2:43 
Markus Granlund          0  0  0  -1  0   2  1  0  0  0  1/2    18:10   1:46   2:38 
Matt Stajan              0  0  0   0  0   1  0  0  0  0  2/6     7:15   1:46   0:48 
Mattias Janmark          0  0  0   1  0   3  2  1  0  0  0/1    24:07   2:12   3:58 
Michael Raffl            0  0  0   0  0   2  0  0  0  0  0/0     7:16   1:46   0:49 
Mike Reilly              0  0  0   0  0   0  0  0  0  0  0/0    16:59   0:00   3:05 
Nick Bjugstad            1  0  1   1  0   6  2  0  0  0  1/2    22:27   2:12   2:18 
Ryan Reaves              0  0  0   0  0   0  3  0  0  0  0/0     4:41   0:00   0:00 
Zack Kassian             0  0  0   0  0   3  3  0  0  0  0/1    12:33   0:00   0:00 

3 Stars

1 - Jacob Markstrom (CGY)
2 - Shea Weber (CGY)
3 - Boone Jenner (CGY)

Power Play

CALGARY Flames - 1 on 4 Attempt(s) - 25,00%
VEGAS Golden Knights - 0 on 2 Attempt(s) - 0,00%

Penalty Kill

CALGARY Flames - 2 on 2 Attempt(s) - 100,00% - Score 0 goal in Penalty Kill
VEGAS Golden Knights - 3 on 4 Attempt(s) - 75,00% - Score 0 goal in Penalty Kill

Team Stat

CALGARY Flames - Hits : 16 - Faceoff Wins : 52 - Blocked Shots : 14 - Penalty Minutes : 4
VEGAS Golden Knights - Hits : 19 - Faceoff Wins : 37 - Blocked Shots : 4 - Penalty Minutes : 8

Official

Referees : Unknown
Linesman : Unknown

Game Notes

No Game Note

Finance

Level 1 -- Attendance: 4466 (74,43%) -- Ticket Income 446 600 $
Level 2 -- Attendance: 3688 (73,76%) -- Ticket Income 221 280 $
Level 3 -- Attendance: 2000 (100,00%) -- Ticket Income 70 000 $
Level 4 -- Attendance: 2786 (69,65%) -- Ticket Income 69 650 $
Luxury Box -- Attendance: 769 (76,90%) -- Ticket Income 153 800 $
Game was played at the T-Mobile Arena.
Total Attendance: 13709 (76,16%)
Total Ticket Income: 961 330 $
Other Income: 374 919 $
Total Income: 1 336 249 $

CALGARY Flames

5 vs 5 Forward 
   Center                   Left Wing                Right Wing               Time % Phy DF OF 
 1 Jeff Carter              Jake DeBrusk             Wayne Simmonds           37     2   1  2  
 2 Alex Galchenyuk          Nick Ritchie             Charlie Coyle            33     2   1  2  
 3 Boone Jenner             Brendan Perlini          Cal Clutterbuck          20     2   1  2  
 4 Dominic Moore            Kyle Clifford            Jason Chimera            10     2   2  1  

5 vs 5 Defense 
   Defense                  Defense                                           Time % Phy DF OF 
 1 Ryan Suter               Shea Weber                                        40     2   2  1  
 2 Charlie McAvoy           Eric Gryba                                        35     2   2  1  
 3 Travis Hamonic           Michal Kempny                                     20     2   2  1  
 4 Ryan Suter               Shea Weber                                        5      2   2  1  

PowerPlay Forward 
   Center                   Left Wing                Right Wing               Time % Phy DF OF 
 1 Jeff Carter              Jake DeBrusk             Wayne Simmonds           55     1   0  4  
 2 Alex Galchenyuk          Boone Jenner             Charlie Coyle            45     1   0  4  

PowerPlay Defense
   Defense                  Defense                                           Time % Phy DF OF 
 1 Ryan Suter               Shea Weber                                        55     1   1  3  
 2 Charlie McAvoy           Travis Hamonic                                    45     1   1  3  

Penalty Kill 4 Players Forward 
   Center                   Wing                     Time % Phy DF OF 
 1 Boone Jenner             Charlie Coyle            55     1   4  0  
 2 Dominic Moore            Cal Clutterbuck          45     1   4  0  

Penalty Kill 4 Players Defense
   Defense                  Defense                  Time % Phy DF OF 
 1 Ryan Suter               Shea Weber               55     1   4  0  
 2 Travis Hamonic           Charlie McAvoy           45     1   4  0  

Penalty Kill - 3 Players Forward 
   Forward                                           Time % Phy DF OF 
 1 Boone Jenner                                      50     0   5  0  
 2 Charlie Coyle                                     50     0   5  0  

Penalty Kill - 3 Players Defense
   Defense                  Defense                  Time % Phy DF OF 
 1 Ryan Suter               Shea Weber               55     1   4  0  
 2 Travis Hamonic           Charlie McAvoy           45     1   4  0  

4 vs 4 Forward 
   Center                   Wing                     Time % Phy DF OF 
 1 Wayne Simmonds           Jeff Carter              55     2   1  2  
 2 Alex Galchenyuk          Charlie Coyle            45     1   1  3  

4 vs 4 Defense
   Defense                  Defense                  Time % Phy DF OF 
 1 Ryan Suter               Shea Weber               55     1   2  2  
 2 Charlie McAvoy           Travis Hamonic           45     1   2  2  

Last Minutes Offensive
   Center                   Left Wing                Right Wing               Defense                  Defense                  
   Jeff Carter              Jake DeBrusk             Wayne Simmonds           Ryan Suter               Shea Weber               

Last Minutes Defensive
   Center                   Left Wing                Right Wing               Defense                  Defense                  
   Jeff Carter              Boone Jenner             Wayne Simmonds           Ryan Suter               Shea Weber               

Goaltenders
Starting : Jacob Markstrom          
Backup : Ben Bishop               

Extra Forwards
Normal : Alex Galchenyuk, Wayne Simmonds, Brendan Perlini - PP : Nick Ritchie, Brendan Perlini - PK : Jeff Carter
Extra Defensemen
Normal : Shea Weber, Charlie McAvoy, Travis Hamonic - PP : Travis Hamonic - PK : Charlie McAvoy, Michal Kempny
Penalty Shots
Wayne Simmonds, Jeff Carter, Alex Galchenyuk, Brendan Perlini, Charlie Coyle

VEGAS Golden Knights

5 vs 5 Forward 
   Center                   Left Wing                Right Wing               Time % Phy DF OF 
 1 Calle Jarnkrok           Mattias Janmark          Nick Bjugstad            40     1   2  2  
 2 Cody Eakin               Benoit Pouliot           Markus Granlund          30     1   2  2  
 3 Antoine Roussel          Joel Ward                Zack Kassian             25     5   0  0  
 4 Matt Stajan              Michael Raffl            Ryan Reaves              5      1   2  2  

5 vs 5 Defense 
   Defense                  Defense                                           Time % Phy DF OF 
 1 Justin Braun             Marc Methot                                       40     1   2  2  
 2 Brenden Dillon           Brendan Smith                                     30     1   2  2  
 3 Connor Carrick           Mike Reilly                                       20     1   2  2  
 4 Justin Braun             Marc Methot                                       10     1   2  2  

PowerPlay Forward 
   Center                   Left Wing                Right Wing               Time % Phy DF OF 
 1 Calle Jarnkrok           Mattias Janmark          Nick Bjugstad            60     1   2  2  
 2 Matt Stajan              Michael Raffl            Markus Granlund          40     1   2  2  

PowerPlay Defense
   Defense                  Defense                                           Time % Phy DF OF 
 1 Justin Braun             Marc Methot                                       60     1   2  2  
 2 Brenden Dillon           Brendan Smith                                     40     1   2  2  

Penalty Kill 4 Players Forward 
   Center                   Wing                     Time % Phy DF OF 
 1 Calle Jarnkrok           Mattias Janmark          60     1   2  2  
 2 Nick Bjugstad            Markus Granlund          40     1   2  2  

Penalty Kill 4 Players Defense
   Defense                  Defense                  Time % Phy DF OF 
 1 Justin Braun             Marc Methot              60     1   2  2  
 2 Brenden Dillon           Brendan Smith            40     1   2  2  

Penalty Kill - 3 Players Forward 
   Forward                                           Time % Phy DF OF 
 1 Calle Jarnkrok                                    60     1   2  2  
 2 Mattias Janmark                                   40     1   2  2  

Penalty Kill - 3 Players Defense
   Defense                  Defense                  Time % Phy DF OF 
 1 Justin Braun             Marc Methot              60     1   2  2  
 2 Brenden Dillon           Brendan Smith            40     1   2  2  

4 vs 4 Forward 
   Center                   Wing                     Time % Phy DF OF 
 1 Calle Jarnkrok           Mattias Janmark          60     1   2  2  
 2 Nick Bjugstad            Benoit Pouliot           40     1   2  2  

4 vs 4 Defense
   Defense                  Defense                  Time % Phy DF OF 
 1 Justin Braun             Marc Methot              60     1   2  2  
 2 Brenden Dillon           Brendan Smith            40     1   2  2  

Last Minutes Offensive
   Center                   Left Wing                Right Wing               Defense                  Defense                  
   Calle Jarnkrok           Mattias Janmark          Nick Bjugstad            Justin Braun             Marc Methot              

Last Minutes Defensive
   Center                   Left Wing                Right Wing               Defense                  Defense                  
   Calle Jarnkrok           Mattias Janmark          Nick Bjugstad            Justin Braun             Marc Methot              

Goaltenders
Starting : Chad Johnson             
Backup : Charlie Lindgren         

Extra Forwards
Normal : Ryan Reaves, Benoit Pouliot, Matt Stajan - PP : Ryan Reaves, Benoit Pouliot - PK : Matt Stajan
Extra Defensemen
Normal : Connor Carrick, Mike Reilly, Brenden Dillon - PP : Connor Carrick - PK : Mike Reilly, Brenden Dillon
Penalty Shots
Calle Jarnkrok, Mattias Janmark, Nick Bjugstad, Ryan Reaves, Markus Granlund


% Time on Ice - CALGARY Flames

Lines # - Real PCT - Wanted PCT - Time Play
Normal Forward
1 - 36% - 37% - 17:36
2 - 30% - 33% - 14:44
3 - 20% - 20% - 9:41
4 - 14% - 10% - 6:55
Normal Defense
1 - 41% - 40% - 20:17
2 - 33% - 35% - 16:05
3 - 26% - 20% - 12:34
4 - 0% - 5% - 0:00
PP Forward
1 - 57% - 55% - 4:04
2 - 43% - 45% - 3:01
PP Defense
1 - 52% - 55% - 3:42
2 - 48% - 45% - 3:23
PK Forward
1 - 53% - 55% - 2:05
2 - 47% - 45% - 1:53
PK Defense
1 - 51% - 55% - 2:02
2 - 49% - 45% - 1:56
PK3 Forward
1 - 0% - 50%
2 - 0% - 50%
PK3 Defense
1 - 0% - 55%
2 - 0% - 45%
44 Forward
1 - 0% - 55%
2 - 0% - 45%
44 Defense
1 - 0% - 55%
2 - 0% - 45%
Last Minute Offensive  - 0:00
Last Minute Defensive  - 0:01
Total
Forward - 60:00
Defense - 60:00

% Time on Ice - VEGAS Golden Knights

Lines # - Real PCT - Wanted PCT - Time Play
Normal Forward
1 - 36% - 40% - 17:30
2 - 28% - 30% - 13:46
3 - 26% - 25% - 12:33
4 - 10% - 5% - 4:41
Normal Defense
1 - 39% - 40% - 18:53
2 - 30% - 30% - 14:26
3 - 28% - 20% - 13:28
4 - 4% - 10% - 1:43
PP Forward
1 - 55% - 60% - 2:12
2 - 45% - 40% - 1:46
PP Defense
1 - 53% - 60% - 2:07
2 - 47% - 40% - 1:51
PK Forward
1 - 68% - 60% - 4:47
2 - 32% - 40% - 2:18
PK Defense
1 - 43% - 60% - 3:02
2 - 57% - 40% - 4:03
PK3 Forward
1 - 0% - 60%
2 - 0% - 40%
PK3 Defense
1 - 0% - 60%
2 - 0% - 40%
44 Forward
1 - 0% - 60%
2 - 0% - 40%
44 Defense
1 - 0% - 60%
2 - 0% - 40%
Last Minute Offensive  - 0:27
Last Minute Defensive  - 0:00
Total
Forward - 60:00
Defense - 60:00

Play by Play

1st period


0:01 of 1st period - Jeff Carter wins face-off versus Calle Jarnkrok in neutral zone.
0:13 of 1st period - Jake DeBrusk is hit by Marc Methot and loses puck.
0:19 of 1st period - Icing by Marc Methot.
0:20 of 1st period - Calle Jarnkrok wins face-off versus Nick Ritchie in VEGAS Golden Knights zone.
0:58 of 1st period - Icing by Alex Galchenyuk.
0:59 of 1st period - Charlie Coyle wins face-off versus Antoine Roussel in CALGARY Flames zone.
1:07 of 1st period - Minor Penalty to Brenden Dillon for Kneeing.
1:08 of 1st period - Jeff Carter wins face-off versus Calle Jarnkrok in VEGAS Golden Knights zone.
1:09 of 1st period - Shot by Jake DeBrusk.
1:09 of 1st period - Stopped by Chad Johnson without a rebound.
1:10 of 1st period - Jeff Carter wins face-off versus Calle Jarnkrok in VEGAS Golden Knights zone.
1:11 of 1st period - Shot by Shea Weber.
1:11 of 1st period - Stopped by Chad Johnson with a rebound.
1:13 of 1st period - Shot by Jeff Carter.
1:13 of 1st period - Stopped by Chad Johnson without a rebound.
1:14 of 1st period - Jake DeBrusk wins face-off versus Calle Jarnkrok in VEGAS Golden Knights zone.
1:17 of 1st period - Shot by Shea Weber.
1:17 of 1st period - Shot Blocked by Mattias Janmark.
1:29 of 1st period - Markus Granlund is hit by Wayne Simmonds and loses puck.
2:19 of 1st period - Calle Jarnkrok is hit by Boone Jenner and loses puck.
3:01 of 1st period - Off-side.
3:02 of 1st period - Jeff Carter wins face-off versus Calle Jarnkrok in neutral zone.
3:13 of 1st period - Shot by Jeff Carter.
3:13 of 1st period - Stopped by Chad Johnson without a rebound.
3:14 of 1st period - Dominic Moore wins face-off versus Antoine Roussel in VEGAS Golden Knights zone.
4:35 of 1st period - Off-side.
4:36 of 1st period - Nick Bjugstad wins face-off versus Jeff Carter in neutral zone.
4:43 of 1st period - Shot by Mattias Janmark.
4:43 of 1st period - Deflect By Calle Jarnkrok.
4:43 of 1st period - Shot Blocked by Travis Hamonic.
4:45 of 1st period - Shot by Marc Methot.
4:45 of 1st period - Shot Blocked by Jeff Carter.
4:47 of 1st period - Shot by Calle Jarnkrok.
4:47 of 1st period - Stopped by Jacob Markstrom without a rebound.
4:48 of 1st period - Markus Granlund wins face-off versus Alex Galchenyuk in CALGARY Flames zone.
4:49 of 1st period - Shot by Cody Eakin.
4:49 of 1st period - Shot Misses the Net.
5:11 of 1st period - Shot by Cody Eakin.
5:11 of 1st period - Shot Misses the Net.
5:13 of 1st period - Shot by Brenden Dillon.
5:13 of 1st period - Stopped by Jacob Markstrom with a rebound.
5:15 of 1st period - Shot by Benoit Pouliot.
5:15 of 1st period - Shot Misses the Net.
5:17 of 1st period - Shot by Brenden Dillon.
5:17 of 1st period - Stopped by Jacob Markstrom without a rebound.
5:18 of 1st period - Jeff Carter wins face-off versus Mattias Janmark in CALGARY Flames zone.
5:35 of 1st period - Shot by Jeff Carter.
5:35 of 1st period - Shot Misses the Net.
5:41 of 1st period - Shot by Mattias Janmark.
5:41 of 1st period - Stopped by Jacob Markstrom without a rebound.
5:42 of 1st period - Boone Jenner wins face-off versus Benoit Pouliot in CALGARY Flames zone.
6:21 of 1st period - Shot by Boone Jenner.
6:21 of 1st period - Goal by Boone Jenner - CALGARY Flames : 1 - VEGAS Golden Knights : 0.
6:22 of 1st period - Calle Jarnkrok wins face-off versus Jeff Carter in neutral zone.
7:09 of 1st period - Shea Weber is hit by Mattias Janmark and loses puck.
7:32 of 1st period - Shot by Zack Kassian.
7:32 of 1st period - Shot Blocked by Jake DeBrusk.
7:34 of 1st period - Shot by Connor Carrick.
7:34 of 1st period - Shot Misses the Net.
7:44 of 1st period - Shot by Antoine Roussel.
7:44 of 1st period - Deflect By Joel Ward.
7:44 of 1st period - Shot Misses the Net.
7:46 of 1st period - Shot by Joel Ward.
7:46 of 1st period - Shot Blocked by Shea Weber.
7:48 of 1st period - Shot by Antoine Roussel.
7:48 of 1st period - Stopped by Jacob Markstrom without a rebound.
7:49 of 1st period - Cody Eakin wins face-off versus Alex Galchenyuk in CALGARY Flames zone.
8:16 of 1st period - Shot by Cody Eakin.
8:16 of 1st period - Shot Blocked by Travis Hamonic.
9:20 of 1st period - Shot by Eric Gryba.
9:20 of 1st period - Shot Blocked by Justin Braun.
9:46 of 1st period - Shot by Nick Bjugstad.
9:46 of 1st period - Stopped by Jacob Markstrom without a rebound.
9:47 of 1st period - Dominic Moore wins face-off versus Antoine Roussel in CALGARY Flames zone.
9:47 of 1st period - Dominic Moore is hit by Zack Kassian.
10:09 of 1st period - Shot by Dominic Moore.
10:09 of 1st period - Stopped by Chad Johnson without a rebound.
10:10 of 1st period - Jeff Carter wins face-off versus Calle Jarnkrok in VEGAS Golden Knights zone.
10:12 of 1st period - Wayne Simmonds is hit by Brenden Dillon and loses puck.
10:13 of 1st period - Minor Penalty to Brenden Dillon for Slashing.
10:14 of 1st period - Jeff Carter wins face-off versus Calle Jarnkrok in VEGAS Golden Knights zone.
10:19 of 1st period - Shot by Wayne Simmonds.
10:19 of 1st period - Shot Misses the Net.
10:21 of 1st period - Shot by Charlie McAvoy.
10:21 of 1st period - Stopped by Chad Johnson without a rebound.
10:22 of 1st period - Calle Jarnkrok wins face-off versus Jeff Carter in VEGAS Golden Knights zone.
10:45 of 1st period - Shot by Ryan Suter.
10:45 of 1st period - Stopped by Chad Johnson without a rebound.
10:46 of 1st period - Calle Jarnkrok wins face-off versus Alex Galchenyuk in VEGAS Golden Knights zone.
13:04 of 1st period - Cal Clutterbuck is hit by Ryan Reaves and loses puck.
13:14 of 1st period - Icing by Travis Hamonic.
13:15 of 1st period - Boone Jenner wins face-off versus Benoit Pouliot in CALGARY Flames zone.
13:22 of 1st period - Shot by Boone Jenner.
13:22 of 1st period - Stopped by Chad Johnson without a rebound.
13:23 of 1st period - Jeff Carter wins face-off versus Markus Granlund in VEGAS Golden Knights zone.
13:38 of 1st period - Shot by Jeff Carter.
13:38 of 1st period - Deflect By Jake DeBrusk.
13:38 of 1st period - Shot Misses the Net.
13:43 of 1st period - Markus Granlund is hit by Jake DeBrusk and loses puck.
13:47 of 1st period - Cody Eakin is hit by Shea Weber and loses puck.
13:56 of 1st period - Shot by Cody Eakin.
13:56 of 1st period - Stopped by Jacob Markstrom with a rebound.
13:58 of 1st period - Shot by Benoit Pouliot.
13:58 of 1st period - Deflect By Cody Eakin.
13:58 of 1st period - Stopped by Jacob Markstrom without a rebound.
13:59 of 1st period - Calle Jarnkrok wins face-off versus Alex Galchenyuk in CALGARY Flames zone.
14:07 of 1st period - Icing by Travis Hamonic.
14:08 of 1st period - Calle Jarnkrok wins face-off versus Alex Galchenyuk in CALGARY Flames zone.
14:11 of 1st period - Shot by Calle Jarnkrok.
14:11 of 1st period - Shot Misses the Net.
14:14 of 1st period - Icing by Michal Kempny.
14:15 of 1st period - Alex Galchenyuk wins face-off versus Calle Jarnkrok in CALGARY Flames zone.
14:28 of 1st period - Shot by Calle Jarnkrok.
14:28 of 1st period - Stopped by Jacob Markstrom without a rebound.
14:29 of 1st period - Jeff Carter wins face-off versus Antoine Roussel in CALGARY Flames zone.
14:36 of 1st period - Shot by Wayne Simmonds.
14:36 of 1st period - Stopped by Chad Johnson without a rebound.
14:37 of 1st period - Jeff Carter wins face-off versus Calle Jarnkrok in VEGAS Golden Knights zone.
14:56 of 1st period - Ryan Suter is hit by Mattias Janmark and loses puck.
15:00 of 1st period - Icing by Jake DeBrusk.
15:01 of 1st period - Cody Eakin wins face-off versus Jeff Carter in CALGARY Flames zone.
15:06 of 1st period - Shot by Benoit Pouliot.
15:06 of 1st period - Stopped by Jacob Markstrom with a rebound.
15:20 of 1st period - Benoit Pouliot is hit by Jeff Carter and loses puck.
15:26 of 1st period - Icing by Brenden Dillon.
15:27 of 1st period - Cody Eakin wins face-off versus Charlie Coyle in VEGAS Golden Knights zone.
15:42 of 1st period - Shot by Markus Granlund.
15:42 of 1st period - Stopped by Jacob Markstrom without a rebound.
15:43 of 1st period - Calle Jarnkrok wins face-off versus Boone Jenner in CALGARY Flames zone.
15:54 of 1st period - Shot by Calle Jarnkrok.
15:54 of 1st period - Shot Misses the Net.
15:56 of 1st period - Shot by Marc Methot.
15:56 of 1st period - Stopped by Jacob Markstrom without a rebound.
15:57 of 1st period - Nick Ritchie wins face-off versus Antoine Roussel in CALGARY Flames zone.
16:08 of 1st period - Connor Carrick is hit by Nick Ritchie and loses puck.
16:37 of 1st period - Joel Ward is hit by Charlie McAvoy and loses puck.
17:01 of 1st period - Shot by Mattias Janmark.
17:01 of 1st period - Stopped by Jacob Markstrom without a rebound.
17:02 of 1st period - Cody Eakin wins face-off versus Jeff Carter in CALGARY Flames zone.
17:20 of 1st period - Wayne Simmonds is hit by Brenden Dillon and loses puck.
17:25 of 1st period - Shot by Jeff Carter.
17:25 of 1st period - Stopped by Chad Johnson without a rebound.
17:26 of 1st period - Boone Jenner wins face-off versus Calle Jarnkrok in VEGAS Golden Knights zone.
17:53 of 1st period - Shot by Nick Bjugstad.
17:53 of 1st period - Stopped by Jacob Markstrom without a rebound.
17:54 of 1st period - Antoine Roussel wins face-off versus Jeff Carter in CALGARY Flames zone.
17:55 of 1st period - Shot by Zack Kassian.
17:55 of 1st period - Stopped by Jacob Markstrom with a rebound.
17:58 of 1st period - Icing by Shea Weber.
17:59 of 1st period - Jeff Carter wins face-off versus Antoine Roussel in CALGARY Flames zone.
18:10 of 1st period - Shot by Zack Kassian.
18:10 of 1st period - Stopped by Jacob Markstrom without a rebound.
18:11 of 1st period - Alex Galchenyuk wins face-off versus Calle Jarnkrok in CALGARY Flames zone.
18:11 of 1st period - Nick Ritchie is hit by Nick Bjugstad and loses puck.
18:18 of 1st period - Shot by Calle Jarnkrok.
18:18 of 1st period - Stopped by Jacob Markstrom with a rebound.
19:16 of 1st period - Shot by Jeff Carter.
19:16 of 1st period - Stopped by Chad Johnson without a rebound.
19:17 of 1st period - Antoine Roussel wins face-off versus Boone Jenner in VEGAS Golden Knights zone.
19:19 of 1st period - Icing by Joel Ward.
19:20 of 1st period - Jeff Carter wins face-off versus Antoine Roussel in VEGAS Golden Knights zone.
19:54 of 1st period - Joel Ward is hit by Ryan Suter and loses puck.
Goals for this period are 1 for CALGARY Flames vs 0 for VEGAS Golden Knights.
Shots for this period are 12 for CALGARY Flames vs 17 for VEGAS Golden Knights.

2nd period


0:01 of 2nd period - Alex Galchenyuk wins face-off versus Calle Jarnkrok in neutral zone.
0:24 of 2nd period - Shot by Mattias Janmark.
0:24 of 2nd period - Stopped by Jacob Markstrom without a rebound.
0:25 of 2nd period - Jeff Carter wins face-off versus Cody Eakin in CALGARY Flames zone.
0:52 of 2nd period - Shot by Jake DeBrusk.
0:52 of 2nd period - Shot Misses the Net.
0:54 of 2nd period - Shot by Eric Gryba.
0:54 of 2nd period - Shot Blocked by Brendan Smith.
0:56 of 2nd period - Shot by Wayne Simmonds.
0:56 of 2nd period - Deflect By Jeff Carter.
0:56 of 2nd period - Stopped by Chad Johnson without a rebound.
0:57 of 2nd period - Alex Galchenyuk wins face-off versus Calle Jarnkrok in VEGAS Golden Knights zone.
0:57 of 2nd period - Alex Galchenyuk is hit by Justin Braun.
0:59 of 2nd period - Shot by Charlie Coyle.
0:59 of 2nd period - Stopped by Chad Johnson with a rebound.
1:17 of 2nd period - Shot by Calle Jarnkrok.
1:17 of 2nd period - Stopped by Jacob Markstrom without a rebound.
1:18 of 2nd period - Antoine Roussel wins face-off versus Boone Jenner in CALGARY Flames zone.
1:18 of 2nd period - Connor Carrick is hit by Travis Hamonic and loses puck.
1:32 of 2nd period - Connor Carrick is hit by Travis Hamonic and loses puck.
2:14 of 2nd period - Icing by Justin Braun.
2:15 of 2nd period - Jeff Carter wins face-off versus Calle Jarnkrok in VEGAS Golden Knights zone.
2:51 of 2nd period - Icing by Marc Methot.
2:52 of 2nd period - Calle Jarnkrok wins face-off versus Alex Galchenyuk in VEGAS Golden Knights zone.
3:24 of 2nd period - Icing by Shea Weber.
3:25 of 2nd period - Antoine Roussel wins face-off versus Alex Galchenyuk in CALGARY Flames zone.
3:44 of 2nd period - Shot by Zack Kassian.
3:44 of 2nd period - Stopped by Jacob Markstrom with a rebound.
4:32 of 2nd period - Shot by Jeff Carter.
4:32 of 2nd period - Stopped by Chad Johnson without a rebound.
4:33 of 2nd period - Boone Jenner wins face-off versus Calle Jarnkrok in VEGAS Golden Knights zone.
4:34 of 2nd period - Shot by Brendan Perlini.
4:34 of 2nd period - Stopped by Chad Johnson without a rebound.
4:35 of 2nd period - Boone Jenner wins face-off versus Calle Jarnkrok in VEGAS Golden Knights zone.
4:42 of 2nd period - Shot by Brendan Perlini.
4:42 of 2nd period - Shot Misses the Net.
4:48 of 2nd period - Shot by Calle Jarnkrok.
4:48 of 2nd period - Stopped by Jacob Markstrom with a rebound.
4:56 of 2nd period - Shot by Mattias Janmark.
4:56 of 2nd period - Deflect By Nick Bjugstad.
4:56 of 2nd period - Stopped by Jacob Markstrom without a rebound.
4:57 of 2nd period - Cody Eakin wins face-off versus Jeff Carter in CALGARY Flames zone.
5:13 of 2nd period - Shea Weber is hit by Markus Granlund.
5:17 of 2nd period - Minor Penalty to Brendan Smith for Roughing.
5:18 of 2nd period - Alex Galchenyuk wins face-off versus Calle Jarnkrok in VEGAS Golden Knights zone.
6:03 of 2nd period - Nick Bjugstad is hit by Charlie Coyle and loses puck.
6:23 of 2nd period - Shot by Wayne Simmonds.
6:23 of 2nd period - Stopped by Chad Johnson without a rebound.
6:24 of 2nd period - Calle Jarnkrok wins face-off versus Jeff Carter in VEGAS Golden Knights zone.
7:25 of 2nd period - Shot by Antoine Roussel.
7:25 of 2nd period - Stopped by Jacob Markstrom without a rebound.
7:26 of 2nd period - Dominic Moore wins face-off versus Zack Kassian in CALGARY Flames zone.
7:47 of 2nd period - Shot by Jason Chimera.
7:47 of 2nd period - Shot Misses the Net.
7:58 of 2nd period - Off-side.
7:59 of 2nd period - Calle Jarnkrok wins face-off versus Alex Galchenyuk in neutral zone.
8:04 of 2nd period - Shot by Nick Bjugstad.
8:04 of 2nd period - Goal by Nick Bjugstad - CALGARY Flames : 1 - VEGAS Golden Knights : 1.
8:05 of 2nd period - Calle Jarnkrok wins face-off versus Jeff Carter in neutral zone.
8:13 of 2nd period - Shot by Calle Jarnkrok.
8:13 of 2nd period - Shot Blocked by Shea Weber.
8:25 of 2nd period - Shot by Justin Braun.
8:25 of 2nd period - Shot Blocked by Shea Weber.
8:27 of 2nd period - Shot by Calle Jarnkrok.
8:27 of 2nd period - Shot Blocked by Ryan Suter.
8:29 of 2nd period - Shot by Calle Jarnkrok.
8:29 of 2nd period - Shot Misses the Net.
8:31 of 2nd period - Shot by Mattias Janmark.
8:31 of 2nd period - Shot Blocked by Shea Weber.
8:38 of 2nd period - Icing by Shea Weber.
8:39 of 2nd period - Jeff Carter wins face-off versus Cody Eakin in CALGARY Flames zone.
8:48 of 2nd period - Shot by Markus Granlund.
8:48 of 2nd period - Shot Misses the Net.
9:22 of 2nd period - Shot by Alex Galchenyuk.
9:22 of 2nd period - Stopped by Chad Johnson with a rebound.
9:55 of 2nd period - Minor Penalty to Cal Clutterbuck for Slashing.
9:56 of 2nd period - Boone Jenner wins face-off versus Calle Jarnkrok in CALGARY Flames zone.
10:09 of 2nd period - Shot by Marc Methot.
10:09 of 2nd period - Stopped by Jacob Markstrom without a rebound.
10:10 of 2nd period - Calle Jarnkrok wins face-off versus Boone Jenner in CALGARY Flames zone.
11:04 of 2nd period - Icing by Justin Braun.
11:05 of 2nd period - Matt Stajan wins face-off versus Dominic Moore in VEGAS Golden Knights zone.
11:10 of 2nd period - Shot by Justin Braun.
11:10 of 2nd period - Stopped by Jacob Markstrom with a rebound.
11:55 of 2nd period - Brendan Perlini is hit by Zack Kassian.
12:30 of 2nd period - Shot by Joel Ward.
12:30 of 2nd period - Stopped by Jacob Markstrom without a rebound.
12:31 of 2nd period - Jeff Carter wins face-off versus Nick Bjugstad in CALGARY Flames zone.
12:48 of 2nd period - Shot by Charlie McAvoy.
12:48 of 2nd period - Stopped by Chad Johnson without a rebound.
12:49 of 2nd period - Matt Stajan wins face-off versus Alex Galchenyuk in VEGAS Golden Knights zone.
13:15 of 2nd period - Shot by Alex Galchenyuk.
13:15 of 2nd period - Shot Misses the Net.
13:17 of 2nd period - Shot by Shea Weber.
13:17 of 2nd period - Stopped by Chad Johnson with a rebound.
13:19 of 2nd period - Shot by Charlie Coyle.
13:19 of 2nd period - Stopped by Chad Johnson without a rebound.
13:20 of 2nd period - Jeff Carter wins face-off versus Calle Jarnkrok in VEGAS Golden Knights zone.
13:29 of 2nd period - Shot by Wayne Simmonds.
13:29 of 2nd period - Stopped by Chad Johnson without a rebound.
13:30 of 2nd period - Boone Jenner wins face-off versus Cody Eakin in VEGAS Golden Knights zone.
13:30 of 2nd period - Boone Jenner is hit by Brenden Dillon.
13:41 of 2nd period - Icing by Boone Jenner.
13:42 of 2nd period - Calle Jarnkrok wins face-off versus Boone Jenner in CALGARY Flames zone.
13:59 of 2nd period - Justin Braun is hit by Cal Clutterbuck and loses puck.
14:10 of 2nd period - Shot by Nick Bjugstad.
14:10 of 2nd period - Stopped by Jacob Markstrom without a rebound.
14:11 of 2nd period - Jeff Carter wins face-off versus Cody Eakin in CALGARY Flames zone.
14:22 of 2nd period - Shot by Markus Granlund.
14:22 of 2nd period - Shot Blocked by Shea Weber.
14:31 of 2nd period - Icing by Shea Weber.
14:32 of 2nd period - Antoine Roussel wins face-off versus Jeff Carter in CALGARY Flames zone.
14:48 of 2nd period - Antoine Roussel is hit by Shea Weber and loses puck.
15:12 of 2nd period - Icing by Justin Braun.
15:13 of 2nd period - Alex Galchenyuk wins face-off versus Antoine Roussel in VEGAS Golden Knights zone.
15:55 of 2nd period - Off-side.
15:56 of 2nd period - Calle Jarnkrok wins face-off versus Boone Jenner in neutral zone.
16:39 of 2nd period - Brenden Dillon is hit by Brendan Perlini.
17:34 of 2nd period - Shot by Wayne Simmonds.
17:34 of 2nd period - Stopped by Chad Johnson without a rebound.
17:35 of 2nd period - Alex Galchenyuk wins face-off versus Matt Stajan in VEGAS Golden Knights zone.
17:37 of 2nd period - Nick Ritchie is hit by Marc Methot.
17:49 of 2nd period - Shot by Alex Galchenyuk.
17:49 of 2nd period - Shot Misses the Net.
17:51 of 2nd period - Shot by Charlie McAvoy.
17:51 of 2nd period - Shot Blocked by Justin Braun.
18:04 of 2nd period - Off-side.
18:05 of 2nd period - Jeff Carter wins face-off versus Antoine Roussel in neutral zone.
18:05 of 2nd period - Jeff Carter is hit by Zack Kassian.
18:13 of 2nd period - Shot by Jeff Carter.
18:13 of 2nd period - Shot Misses the Net.
Goals for this period are 0 for CALGARY Flames vs 1 for VEGAS Golden Knights.
Shots for this period are 11 for CALGARY Flames vs 11 for VEGAS Golden Knights.

3rd period


0:01 of 3rd period - Jeff Carter wins face-off versus Calle Jarnkrok in neutral zone.
0:08 of 3rd period - Shot by Jeff Carter.
0:08 of 3rd period - Stopped by Chad Johnson with a rebound.
0:30 of 3rd period - Shot by Calle Jarnkrok.
0:30 of 3rd period - Stopped by Jacob Markstrom with a rebound.
0:32 of 3rd period - Shot by Marc Methot.
0:32 of 3rd period - Stopped by Jacob Markstrom without a rebound.
0:33 of 3rd period - Alex Galchenyuk wins face-off versus Cody Eakin in CALGARY Flames zone.
0:33 of 3rd period - Alex Galchenyuk is hit by Cody Eakin.
0:42 of 3rd period - Charlie Coyle is hit by Brenden Dillon and loses puck.
1:42 of 3rd period - Shot by Ryan Suter.
1:42 of 3rd period - Stopped by Chad Johnson with a rebound.
2:54 of 3rd period - Shot by Antoine Roussel.
2:54 of 3rd period - Deflect By Zack Kassian.
2:54 of 3rd period - Shot Misses the Net.
2:57 of 3rd period - Icing by Michal Kempny.
2:58 of 3rd period - Jeff Carter wins face-off versus Matt Stajan in CALGARY Flames zone.
2:58 of 3rd period - Jeff Carter is hit by Ryan Reaves.
3:20 of 3rd period - Shot by Michael Raffl.
3:20 of 3rd period - Shot Misses the Net.
3:34 of 3rd period - Shot by Michael Raffl.
3:34 of 3rd period - Stopped by Jacob Markstrom with a rebound.
3:41 of 3rd period - Charlie Coyle is hit by Ryan Reaves.
4:19 of 3rd period - Icing by Ryan Suter.
4:20 of 3rd period - Boone Jenner wins face-off versus Calle Jarnkrok in CALGARY Flames zone.
4:20 of 3rd period - Boone Jenner is hit by Nick Bjugstad.
4:31 of 3rd period - Icing by Marc Methot.
4:32 of 3rd period - Calle Jarnkrok wins face-off versus Wayne Simmonds in VEGAS Golden Knights zone.
4:42 of 3rd period - Shot by Calle Jarnkrok.
4:42 of 3rd period - Deflect By Nick Bjugstad.
4:42 of 3rd period - Shot Blocked by Wayne Simmonds.
4:44 of 3rd period - Shot by Nick Bjugstad.
4:44 of 3rd period - Shot Blocked by Jeff Carter.
6:03 of 3rd period - Shot by Shea Weber.
6:03 of 3rd period - Stopped by Chad Johnson without a rebound.
6:04 of 3rd period - Boone Jenner wins face-off versus Cody Eakin in VEGAS Golden Knights zone.
6:08 of 3rd period - Minor Penalty to Cody Eakin for Slashing.
6:09 of 3rd period - Jeff Carter wins face-off versus Matt Stajan in VEGAS Golden Knights zone.
7:05 of 3rd period - Mike Reilly is hit by Boone Jenner and loses puck.
7:14 of 3rd period - Shot by Shea Weber.
7:14 of 3rd period - Shot Misses the Net.
7:16 of 3rd period - Shot by Shea Weber.
7:16 of 3rd period - Goal by Shea Weber - CALGARY Flames : 2 - VEGAS Golden Knights : 1.
7:17 of 3rd period - Dominic Moore wins face-off versus Antoine Roussel in neutral zone.
7:24 of 3rd period - Shot by Kyle Clifford.
7:24 of 3rd period - Stopped by Chad Johnson with a rebound.
8:18 of 3rd period - Shot by Markus Granlund.
8:18 of 3rd period - Stopped by Jacob Markstrom with a rebound.
8:34 of 3rd period - Cody Eakin is hit by Jason Chimera and loses puck.
9:17 of 3rd period - Shot by Matt Stajan.
9:17 of 3rd period - Stopped by Jacob Markstrom with a rebound.
9:19 of 3rd period - Shot by Michael Raffl.
9:19 of 3rd period - Stopped by Jacob Markstrom without a rebound.
9:20 of 3rd period - Jeff Carter wins face-off versus Calle Jarnkrok in CALGARY Flames zone.
10:17 of 3rd period - Icing by Mike Reilly.
10:18 of 3rd period - Calle Jarnkrok wins face-off versus Alex Galchenyuk in VEGAS Golden Knights zone.
11:19 of 3rd period - Off-side.
11:20 of 3rd period - Antoine Roussel wins face-off versus Jeff Carter in neutral zone.
11:45 of 3rd period - Shot by Jeff Carter.
11:45 of 3rd period - Shot Misses the Net.
11:57 of 3rd period - Shot by Jeff Carter.
11:57 of 3rd period - Stopped by Chad Johnson without a rebound.
11:58 of 3rd period - Brendan Perlini wins face-off versus Calle Jarnkrok in VEGAS Golden Knights zone.
12:08 of 3rd period - Icing by Justin Braun.
12:09 of 3rd period - Alex Galchenyuk wins face-off versus Calle Jarnkrok in VEGAS Golden Knights zone.
12:30 of 3rd period - Shot by Nick Ritchie.
12:30 of 3rd period - Stopped by Chad Johnson without a rebound.
12:31 of 3rd period - Jeff Carter wins face-off versus Benoit Pouliot in VEGAS Golden Knights zone.
12:57 of 3rd period - Minor Penalty to Eric Gryba for Tripping.
12:58 of 3rd period - Calle Jarnkrok wins face-off versus Boone Jenner in CALGARY Flames zone.
13:05 of 3rd period - Shot by Calle Jarnkrok.
13:05 of 3rd period - Deflect By Nick Bjugstad.
13:05 of 3rd period - Stopped by Jacob Markstrom without a rebound.
13:06 of 3rd period - Calle Jarnkrok wins face-off versus Boone Jenner in CALGARY Flames zone.
13:17 of 3rd period - Shot by Mattias Janmark.
13:17 of 3rd period - Shot Misses the Net.
13:19 of 3rd period - Shot by Marc Methot.
13:19 of 3rd period - Shot Misses the Net.
13:25 of 3rd period - Shot by Marc Methot.
13:25 of 3rd period - Stopped by Jacob Markstrom with a rebound.
14:05 of 3rd period - Shot by Brenden Dillon.
14:05 of 3rd period - Stopped by Jacob Markstrom with a rebound.
14:07 of 3rd period - Shot by Brendan Smith.
14:07 of 3rd period - Stopped by Jacob Markstrom without a rebound.
14:08 of 3rd period - Dominic Moore wins face-off versus Matt Stajan in CALGARY Flames zone.
14:31 of 3rd period - Shot by Michael Raffl.
14:31 of 3rd period - Deflect By Markus Granlund.
14:31 of 3rd period - Shot Blocked by Charlie McAvoy.
14:33 of 3rd period - Shot by Matt Stajan.
14:33 of 3rd period - Shot Misses the Net.
16:49 of 3rd period - Icing by Brendan Smith.
16:50 of 3rd period - Benoit Pouliot wins face-off versus Boone Jenner in VEGAS Golden Knights zone.
17:05 of 3rd period - Shot by Benoit Pouliot.
17:05 of 3rd period - Shot Blocked by Travis Hamonic.
17:07 of 3rd period - Shot by Brenden Dillon.
17:07 of 3rd period - Shot Misses the Net.
17:27 of 3rd period - Icing by Travis Hamonic.
17:28 of 3rd period - Antoine Roussel wins face-off versus Boone Jenner in CALGARY Flames zone.
17:50 of 3rd period - Icing by Travis Hamonic.
17:51 of 3rd period - Cal Clutterbuck wins face-off versus Calle Jarnkrok in CALGARY Flames zone.
18:22 of 3rd period - Shot by Mattias Janmark.
18:22 of 3rd period - Shot Misses the Net.
18:44 of 3rd period - Icing by Justin Braun.
18:45 of 3rd period - Cody Eakin wins face-off versus Dominic Moore in VEGAS Golden Knights zone.
19:02 of 3rd period - VEGAS Golden Knights, Chad Johnson is pulled from the net.
19:06 of 3rd period - Shot by Markus Granlund.
19:06 of 3rd period - Shot Misses the Net.
19:08 of 3rd period - Shot by Benoit Pouliot.
19:08 of 3rd period - Stopped by Jacob Markstrom with a rebound.
19:16 of 3rd period - Shot by Cody Eakin.
19:16 of 3rd period - Shot Hit the Post.
19:40 of 3rd period - Shot by Nick Bjugstad.
19:40 of 3rd period - Shot Misses the Net.
19:52 of 3rd period - Shot by Calle Jarnkrok.
19:52 of 3rd period - Stopped by Jacob Markstrom with a rebound.
19:54 of 3rd period - Shot by Calle Jarnkrok.
19:54 of 3rd period - Shot Misses the Net.
19:58 of 3rd period - Shot by Calle Jarnkrok.
19:58 of 3rd period - Stopped by Jacob Markstrom without a rebound.
19:59 of 3rd period - Calle Jarnkrok wins face-off versus Jeff Carter in CALGARY Flames zone.
Goals for this period are 1 for CALGARY Flames vs 0 for VEGAS Golden Knights.
Shots for this period are 7 for CALGARY Flames vs 13 for VEGAS Golden Knights.